 Dungeon Crawl Stone Soup version 0.29.1-2-gbd0b4ee654 (webtiles) character file.

Game seed: 10470923273942479875

26 RascalDebosk the Magician (level 3, -2/25 HPs)
             Began as a Djinni Venom Mage on Oct 26, 2022.
             Slain by a hobgoblin (5 damage)
             ... on level 1 of the Dungeon.
             The game lasted 00:10:00 (754 turns).

RascalDebosk the Magician (Djinni Venom Mage)        Turns: 754, Time: 00:10:00

Health: -2/25      AC:  2    Str:  7    XL:     3   Next: 22%
Gold:   5          EV: 12    Int: 18    God:
                   SH:  0    Dex: 13

rFire   + + .      SeeInvis .   (no weapon)
rCold   x . .      Faith    .   (no shield)
rNeg    . . .      Spirit   .   a - +0 robe
rPois   ∞          Reflect  .   (no helmet)
rElec   .          Harm     .   (no cloak)
rCorr   .          Rampage  .   (no gloves)
Will    .....                   (boots unavailable)
Stlth   ++........              (no amulet)
HPRegen 0.08/turn               (no ring)
MPRegen 0.00/turn               (no ring)

@: flying
A: sickness immunity, fire resistance 2, cold vulnerability 1, float, innate
caster, HP casting, extra vitality 1
a: no special abilities


You were on level 1 of the Dungeon.
You visited 1 branch of the dungeon, and saw 1 of its levels.

You collected 5 gold pieces.

Inventory:

Armour
 a - a +0 robe (worn)
Scrolls
 d - a scroll of teleportation {unknown}
 e - a scroll of identify {unknown}
 f - a scroll of amnesia {unknown}
Potions
 b - a potion of might {unknown}
 c - a potion of resistance {unknown}


   Skills:
 - Level 2.1 Dodging
 - Level 1.5 Stealth
 + Level 3.3 Spellcasting


You couldn't memorise any spells.
You knew the following spells:

 Your Spells              Type           Power      Damage    Failure   Level
a - Sting                 Tmut/Pois      56%        1d5       4%          1
b - Poisonous Vapours     Pois/Air       28%        N/A       6%          2
c - Mephitic Cloud        Conj/Pois/Air  14%        N/A       12%         3
d - Olgreb's Toxic Radia  Pois           14%        N/A       38%         4
e - Necrotise             Necr           56%        1d6       4%          1
Your spell library was empty.

Dungeon Overview and Level Annotations

Branches:
Dungeon (1/15)

Altars:


Innate Abilities, Weirdness & Mutations

You are immune to sickness and miasma.
You are immune to poison.
Your flesh is very heat resistant. (rF++)
You are vulnerable to cold. (rC-)
You float through the air rather than walking.
You learn spells naturally, not from books.
Your magical power is your life essence.
You have superior vitality. (+4 MHP)


Message History

The sting misses the bat.
The bat hits you.
* * * LOW HITPOINT WARNING * * *
A hobgoblin comes into view.
Casting: Sting (safe; 4% risk of failure)
Confirm with . or Enter, or press ? or * to list all spells.
Aiming: Poisonous Vapours (safe; 6% risk of failure)
Press: ? - help, Dir - move target, f/p - bat
Aim: a bat Poisonous vapours surround the bat!
The bat is poisoned.
* * * LOW HITPOINT WARNING * * *
The bat hits you.
* * * LOW HITPOINT WARNING * * *
Your kobold skeleton barely misses the kobold.
The bat hits you.
* * * LOW HITPOINT WARNING * * *
A goblin comes into view. It is wielding a +0 club.
Casting: Poisonous Vapours (safe; 6% risk of failure)
Confirm with . or Enter, or press ? or * to list all spells.
Aiming: Sting (safe; 4% risk of failure)
Press: ? - help, Shift-Dir - straight line, f - kobold, p - bat
Aim: a kobold, wielding a +0 dagger and quivering stones (ally target, 64% to hit)
The sting hits the kobold but does no damage.
The kobold is poisoned.
* * * LOW HITPOINT WARNING * * *
The bat misses you. The kobold hits you with a +0 dagger.
* * * LOW HITPOINT WARNING * * *
A goblin comes into view. It is wielding a +0 dagger.
Your kobold skeleton closely misses the kobold.
The bat misses you. The kobold attacks as you move away!
The kobold barely misses you.
You kill the bat!
You kill the kobold!
Your goblin skeleton hits the hobgoblin but does no damage.
The hobgoblin hits your goblin skeleton.
Your kobold skeleton hits the hobgoblin.
The hobgoblin hits your goblin skeleton.
Your goblin skeleton barely misses the hobgoblin.
Casting: Sting (safe; 4% risk of failure)
Confirm with . or Enter, or press ? or * to list all spells.
Aiming: Necrotise (safe; 4% risk of failure)
Press: ? - help, Shift-Dir - straight line, f - goblin
Aim: a goblin, wielding a +0 club (chance to affect: 84%)
The goblin writhes in agony.
* * * LOW HITPOINT WARNING * * *
Your kobold skeleton misses the hobgoblin.
The hobgoblin barely misses your kobold skeleton.
Your goblin skeleton misses the hobgoblin.
Casting: Necrotise (safe; 4% risk of failure)
Confirm with . or Enter, or press ? or * to list all spells.
Aiming: Necrotise (safe; 4% risk of failure)
Press: ? - help, Shift-Dir - straight line, f/p - goblin
Aim: a goblin, wielding a +0 club (severely wounded, chance to affect: 84%)
The goblin barely resists.
* * * LOW HITPOINT WARNING * * *
The hobgoblin hits your goblin skeleton.
Your goblin skeleton is destroyed!
Your kobold skeleton hits the hobgoblin.
Your magical contamination has completely faded away.
Casting: Necrotise (safe; 4% risk of failure)
Confirm with . or Enter, or press ? or * to list all spells.
Aiming: Necrotise (safe; 4% risk of failure)
Press: ? - help, Shift-Dir - straight line, f/p - goblin
Aim: a goblin, wielding a +0 club (severely wounded, chance to affect: 84%)
The goblin barely resists.
* * * LOW HITPOINT WARNING * * *
The hobgoblin hits your kobold skeleton.
Your kobold skeleton barely misses the hobgoblin.
Casting: Necrotise (safe; 4% risk of failure)
Confirm with . or Enter, or press ? or * to list all spells.
Aiming: Necrotise (safe; 4% risk of failure)
Press: ? - help, Shift-Dir - straight line, f/p - goblin
Aim: a goblin, wielding a +0 club (severely wounded, chance to affect: 84%)
The goblin writhes in agony.
You kill the goblin!
* * * LOW HITPOINT WARNING * * *
The dead are walking!
Your kobold skeleton misses the hobgoblin.
Your kobold skeleton hits the hobgoblin but does no damage.
Your goblin skeleton hits the hobgoblin but does no damage.
Your goblin skeleton hits the hobgoblin but does no damage.
Your kobold skeleton barely misses the goblin.
Aiming: Sting (safe; 4% risk of failure)
Press: ? - help, Q - select action, (/) - cycle Shift-Dir - straight line, f - hobgoblin
Aim: a hobgoblin (moderately wounded, ally target, 71% to hit)
The sting misses the hobgoblin.
The sting hits the goblin.
The goblin is poisoned.
You kill the goblin!
* * * LOW HITPOINT WARNING * * *
Casting: Sting (safe; 4% risk of failure)
Confirm with . or Enter, or press ? or * to list all spells.
Aiming: Necrotise (safe; 4% risk of failure)
Press: ? - help, Shift-Dir - straight line, f/p - hobgoblin
Aim: a hobgoblin (moderately wounded, ally target, chance to affect: 84%)
Okay, then.
You completely miss the hobgoblin.
The hobgoblin is moderately wounded.
The hobgoblin barely misses you. The hobgoblin barely misses you.
The hobgoblin attacks as you move away! The hobgoblin hits you.
You die...

##...
#..~.....†#
.....
#.~⌠.⌠P...#
##..
#..P⌠))...#
#g...P..P.#
.#.#.)#..)####
#. #).....#
#####ZZ..#.#
#....g.#.#.# .#
#...@..#.#.# .#
#...#######.#.#
#. # #.#)#
#.#†# #.#.#
.#.# #.## #..#
... ##.#


You could see a hobgoblin (ally target), a friendly goblin skeleton and a
friendly kobold skeleton.

Vanquished Creatures
  2 bats (D:1)
  2 endoplasms (D:1)
  A giant cockroach (D:1)
  5 goblins (D:1)
  A hobgoblin (D:1)
  2 quokkas (D:1)
  7 ball pythons (D:1)
  A frilled lizard (D:1)
  2 kobolds (D:1)
  A rat (D:1)
24 creatures vanquished.

Vanquished Creatures (others)
  3 fungi (D:1)
  10 plants (D:1)
13 creatures vanquished.

Grand Total: 37 creatures vanquished

Notes
Turn   | Place    | Note
-------+----------+-------------------------------------------
     0 | D:1      | RascalDebosk the Djinni Venom Mage began the quest for the
                  | Orb.
     0 | D:1      | RascalDebosk set off with the following spells memorised:
                  | Sting, Poisonous Vapours, Mephitic Cloud, Olgreb's Toxic
                  | Radiance.
     0 | D:1      | Reached XP level 1. HP: 15/15 MP: 0/0
   243 | D:1      | Reached XP level 2. HP: 18/21 MP: 0/0
   504 | D:1      | Reached skill level 3 in Spellcasting
   727 | D:1      | Reached XP level 3. HP: 22/25 MP: 0/0
   727 | D:1      | Learned a level 1 spell: Necrotise
   754 | D:1      | Slain by a hobgoblin

Illustrated notes

Levels and vault maps discovered:
D:1:      dpeg_arrival_arbitrary_b, layout_loops_ring,
          shapermc_ecumenical_altar_mp_ritualfount

Skill      XL: |  1  2 |
---------------+-------+-----
Spellcasting   | 3 |  3.3
Dodging        | |  2.1
Stealth        | |  1.5

Action                   || total
-------------------------++-------
Melee: Unarmed           ||     1
 Cast: Sting             ||    31
       Necrotise         ||     7
       Mephitic Cloud    ||     1
       Poisonous Vapours ||     1
Armor: Robe              ||     1
Dodge: Dodged            ||    11
